[Event "Friday Night Engine Tour 7rd Swiss 12m+1s Starts at 2200hrs ST"]
[Site "Infinity Chess"]
[Date "2018.4.6"]
[Round "5"]
[White "Deep_Impact"]
[Black "KRAKEN"]
[Result "1/2-1/2"]
[ECO "C50"]
[WhiteElo "2467"]
[BlackElo "2482"]
[WhiteEngine "BrainFish_180404_x64_modern"]
[BlackEngine "Raubfisch X38_CTG"]
[EventType "Swiss"]
[WhiteTeam ""]
[BlackTeam ""]
[PlyCount "91"]
[TimeControl "720+1"]

1. e4 e5 2. Nf3 Nc6 3. Bc4 Bc5 4. d3 Nf6 5. O-O d6 6. c3 a6 7. a4 O-O 8. Bg5 h6 
9. Bh4 g5 10. Bg3 Ba7 11. b4 Ne7 12. Nbd2 Kg7 13. d4 Nh5 14. Nb3 f5 
15. exf5 Nxg3 16. hxg3 e4 17. Nh2 Bxf5 18. Ng4 Qd7 19. Ne3 Bg6 20. Be2 Nf5 
21. Nxf5+ Bxf5 22. Na5 c6 23. Nc4 d5 24. Ne3 Bb6 25. Ra2 Rad8 26. Rd2 Be6 
27. c4 Kh8 28. c5 Bc7 29. b5 axb5 30. axb5 Ra8 31. Bh5 Rg8 32. Bg4 Bxg4 
33. Nxg4 Qe6 34. b6 Bb8 35. f3 Rf8 36. fxe4 Rxf1+ 37. Kxf1 Bxg3 38. exd5 Qxd5 
39. Kg1 Qe4 40. Rd3 Bf4 41. g3 Ra2 42. Qf3 Ra1+ 43. Kh2 Ra2+ 44. Kg1 Ra1+ 
45. Kh2 Ra2+ 46. Kg1 1/2-1/2

[Event "Friday Night Engine Tour 7rd Swiss 12m+1s Starts at 2200hrs ST"]
[Site "Infinity Chess"]
[Date "2018.4.6"]
[Round "5"]
[White "RonWeasley"]
[Black "MCDermont"]
[Result "1/2-1/2"]
[ECO "E20"]
[WhiteElo "2473"]
[BlackElo "2489"]
[WhiteEngine "BrainFish 010418 WM_CTG"]
[BlackEngine "BrainFish 010418 WM_CTG"]
[EventType "Swiss"]
[WhiteTeam ""]
[BlackTeam ""]
[PlyCount "87"]
[TimeControl "720+1"]

1. d4 Nf6 2. c4 e6 3. Nc3 d5 4. Nf3 c6 5. Bg5 h6 6. Bxf6 Qxf6 7. e3 Nd7 
8. Be2 g6 9. O-O Be7 10. Nd2 O-O 11. f4 Qg7 12. Rc1 Rd8 13. Kh1 dxc4 
14. Nxc4 Nb6 15. Ne5 c5 16. Re1 cxd4 17. exd4 Rb8 18. Bf3 Bd7 19. Qb3 Be8 
20. Rcd1 Bd6 21. a4 Na8 22. d5 Nc7 23. a5 h5 24. h3 exd5 25. Nxd5 Nxd5 
26. Rxd5 Kh7 27. f5 Qf6 28. Qe3 b6 29. Red1 Rbc8 30. fxg6+ fxg6 31. axb6 axb6 
32. Bxh5 Bxe5 33. Rxe5 gxh5 34. Rxd8 Rxd8 35. Rxe8 Rxe8 36. Qxe8 Qf1+ 
37. Kh2 Qf4+ 38. Kg1 Qc1+ 39. Kf2 Qxb2+ 40. Ke1 Qxg2 41. Qxh5+ Kg7 42. Qe5+ Kg6 
43. h4 b5 44. Kd1 1/2-1/2

[Event "Friday Night Engine Tour 7rd Swiss 12m+1s Starts at 2200hrs ST"]
[Site "Infinity Chess"]
[Date "2018.4.6"]
[Round "5"]
[White "beka"]
[Black "THE_MACHINE"]
[Result "1/2-1/2"]
[ECO "C65"]
[WhiteElo "2378"]
[BlackElo "2516"]
[WhiteEngine "stockfish_18032408_32bit"]
[BlackEngine "BrainFish_180404_x64_bmi2"]
[EventType "Swiss"]
[WhiteTeam ""]
[BlackTeam ""]
[PlyCount "109"]
[TimeControl "720+1"]

1. e4 e5 2. Nf3 Nc6 3. Bb5 Nf6 4. O-O Nxe4 5. d4 Nd6 6. Bxc6 dxc6 7. dxe5 Nf5 
8. Qxd8+ Kxd8 9. h3 Be7 10. Nc3 h5 11. Rd1+ Ke8 12. Bf4 Be6 13. Ne4 Rd8 
14. b3 Rxd1+ 15. Rxd1 Bd5 16. Re1 Bb4 17. Re2 Kd7 18. c4 Be6 19. Rc2 c5 
20. Rc1 Kc8 21. Rd1 Re8 22. Nfg5 Nd4 23. Be3 Bf5 24. Bxd4 cxd4 25. Rxd4 f6 
26. exf6 gxf6 27. g4 hxg4 28. hxg4 Bxg4 29. Nxf6 Re1+ 30. Kg2 Bf5 31. Nge4 Bg6 
32. Kf3 b6 33. Rd3 Ra1 34. a4 Be7 35. Nd5 Ba3 36. Ndc3 Re1 37. Re3 Rg1 
38. Ke2 a5 39. Rg3 Rxg3 40. fxg3 Bb4 41. g4 Bxc3 42. Nxc3 Bc2 43. g5 Kd7 
44. Nd5 Kd6 45. Ke3 Bxb3 46. Kd4 Bxa4 47. g6 Bd7 48. g7 Be6 49. Nf6 a4 
50. Kc3 a3 51. g8=Q Bxg8 52. Nxg8 a2 53. Kb2 b5 54. c5+ Kxc5 55. Kxa2 1/2-1/2

[Event "Friday Night Engine Tour 7rd Swiss 12m+1s Starts at 2200hrs ST"]
[Site "Infinity Chess"]
[Date "2018.4.6"]
[Round "5"]
[White "star99"]
[Black "Murx"]
[Result "1/2-1/2"]
[ECO "A46"]
[WhiteElo "2452"]
[BlackElo "2515"]
[WhiteEngine "Cryptic Heroes 9.3B"]
[BlackEngine "asmFishW_2018-04-01_bmi2"]
[EventType "Swiss"]
[WhiteTeam ""]
[BlackTeam ""]
[PlyCount "102"]
[TimeControl "720+1"]

1. d4 Nf6 2. Nf3 e6 3. Bg5 Be7 4. e3 h6 5. Bh4 O-O 6. Bd3 d5 7. O-O Nbd7 
8. c4 b6 9. Nc3 Bb7 10. cxd5 Nxd5 11. Nxd5 Bxh4 12. Nxc7 Bxf2+ 13. Rxf2 Qxc7 
14. Qe2 Rae8 15. Rd1 e5 16. Bc2 exd4 17. Nxd4 Ne5 18. Nb5 Qe7 19. Nd6 Rd8 
20. Nf5 Rxd1+ 21. Qxd1 Qc7 22. Qd4 Bc8 23. Nd6 Rd8 24. Qxe5 Qxd6 25. Qe4 f5 
26. Qf3 Qe5 27. g4 Re8 28. Bxf5 Bxf5 29. Qxf5 Qxe3 30. Kg2 Kh8 31. a3 Qe7 
32. Qf3 a5 33. Qd5 a4 34. Qf5 Qb7+ 35. Qf3 Qe7 36. Qd5 Kh7 37. Qf5+ Kg8 
38. Qf4 b5 39. h3 Qe6 40. Qf5 Qxf5 41. Rxf5 Re2+ 42. Rf2 Rxf2+ 43. Kxf2 Kf7 
44. Ke3 Kf6 45. Kd4 Kg5 46. Kc5 Kh4 47. Kxb5 Kxh3 48. Kxa4 Kxg4 49. b4 h5 
50. b5 h4 51. b6 h3 1/2-1/2

[Event "Friday Night Engine Tour 7rd Swiss 12m+1s Starts at 2200hrs ST"]
[Site "Infinity Chess"]
[Date "2018.4.6"]
[Round "4"]
[White "ocirema"]
[Black "Victorious"]
[Result "1/2-1/2"]
[ECO "C55"]
[WhiteElo "2416"]
[BlackElo "2466"]
[WhiteEngine "asmFishW_2018-04-01_popcnt"]
[BlackEngine "CF180327N73vk"]
[EventType "Swiss"]
[WhiteTeam ""]
[BlackTeam ""]
[PlyCount "52"]
[TimeControl "720+1"]

1. e4 e5 2. Nf3 Nc6 3. Bc4 Nf6 4. d3 Bc5 5. c3 d6 6. O-O O-O 7. h3 a5 8. Re1 h6 
9. Nbd2 Be6 10. a4 Bxc4 11. Nxc4 Re8 12. Be3 Bxe3 13. Nxe3 b6 14. Qb3 Ne7 
15. g3 Qc8 16. Kg2 Qb7 17. Qc4 Rad8 18. Qa2 Ng6 19. Rad1 Nf8 20. Qc4 c6 
21. Qb3 Qc7 22. Qc2 d5 23. Rb1 Ra8 24. Rbd1 Rad8 25. Rb1 Ra8 26. Rbd1 Rad8 
1/2-1/2

[Event "Friday Night Engine Tour 7rd Swiss 12m+1s Starts at 2200hrs ST"]
[Site "Infinity Chess"]
[Date "2018.4.6"]
[Round "4"]
[White "Coco69"]
[Black "MrScience"]
[Result "1/2-1/2"]
[ECO "C50"]
[WhiteElo "2426"]
[BlackElo "2433"]
[WhiteEngine "Raubfisch X38_CTG"]
[BlackEngine "cfish"]
[EventType "Swiss"]
[WhiteTeam ""]
[BlackTeam ""]
[PlyCount "123"]
[TimeControl "720+1"]

1. e4 e5 2. Nf3 Nc6 3. Bc4 Bc5 4. O-O Nf6 5. d3 d6 6. c3 O-O 7. h3 a5 8. Nbd2 h6 
9. Re1 Be6 10. a4 Bxc4 11. Nxc4 Re8 12. Be3 Bxe3 13. Rxe3 b6 14. Qb3 Qd7 
15. Rae1 Nd8 16. d4 exd4 17. cxd4 Ne6 18. Qd1 d5 19. Nfe5 Qd8 20. Nc6 Qd7 
21. N6e5 Qd8 22. exd5 Qxd5 23. Rd3 Qb7 24. Ng4 Nxg4 25. Qxg4 Qd5 26. b3 Qg5 
27. Rd2 Qxg4 28. hxg4 Kf8 29. Red1 Rad8 30. d5 Nc5 31. d6 cxd6 32. f3 Rb8 
33. Rxd6 Re6 34. Rxe6 fxe6 35. Ne5 Ke8 36. Rc1 Rd8 37. Rc3 Rd4 38. Nc4 Nxb3 
39. Kf2 Nd2 40. Nxb6 Rb4 41. Rc6 Ke7 42. Ke2 Nb3 43. Ke3 Kf7 44. g3 Na1 
45. f4 Ke7 46. f5 Nc2+ 47. Rxc2 Rxb6 48. Rc5 exf5 49. gxf5 Rb3+ 50. Ke4 Rb4+ 
51. Ke5 Rxa4 52. Rc7+ Kd8 53. Rxg7 h5 54. Rg8+ Ke7 55. Rg7+ Kd8 56. g4 Rxg4 
57. Ra7 Rg3 58. Rh7 a4 59. Rxh5 a3 60. Rh8+ Ke7 61. f6+ Kf7 62. Rh7+ 1/2-1/2

[Event "Friday Night Engine Tour 7rd Swiss 12m+1s Starts at 2200hrs ST"]
[Site "Infinity Chess"]
[Date "2018.4.6"]
[Round "4"]
[White "CoffeeOne"]
[Black "Macho"]
[Result "1/2-1/2"]
[ECO "C50"]
[WhiteElo "2457"]
[BlackElo "2430"]
[WhiteEngine "stockfish_9"]
[BlackEngine "Cfish 2018-04-06 64 POPC"]
[EventType "Swiss"]
[WhiteTeam ""]
[BlackTeam ""]
[PlyCount "130"]
[TimeControl "720+1"]

1. e4 e5 2. Nf3 Nc6 3. Bc4 Bc5 4. O-O Nf6 5. d3 d6 6. c3 a5 7. Nbd2 O-O 
8. Re1 h6 9. Nf1 Be6 10. Bb5 Ne7 11. h3 Ba7 12. Ng3 Ng6 13. d4 c6 14. Bd3 a4 
15. b3 axb3 16. axb3 Bb6 17. Rxa8 Qxa8 18. Be3 Qa7 19. Bb1 c5 20. d5 Bd7 
21. Bd3 Ra8 22. Nd2 Bc7 23. b4 b6 24. bxc5 bxc5 25. Bc4 Nf4 26. Qf3 g5 
27. Ngf1 Bd8 28. Bxf4 gxf4 29. Be2 Ne8 30. Nc4 Bg5 31. Bd3 Rb8 32. Nfd2 Kg7 
33. Rc1 Qc7 34. Qd1 Rb7 35. Be2 Ra7 36. Bg4 Ba4 37. Qf1 Be7 38. Kh2 Bh4 
39. Rb1 Rb7 40. Ra1 Bb5 41. Ra2 Qb8 42. Qe1 Bxc4 43. Nxc4 Rb1 44. Qe2 Qb3 
45. Bh5 Nf6 46. Nxd6 Qxc3 47. Nf5+ Kh7 48. Nxh4 Qc1 49. Qd1 Qxd1 50. Bxd1 Rxd1 
51. f3 Nh5 52. Nf5 Ng7 53. Nxg7 Kxg7 54. Rc2 f5 55. Rxc5 fxe4 56. fxe4 Rd4 
57. g3 fxg3+ 58. Kxg3 Rxe4 59. h4 h5 60. Kf2 Rxh4 61. d6 Rd4 62. d7 Rxd7 
63. Rxe5 Kg6 64. Kg3 Rd2 65. Re3 Rd5 1/2-1/2

[Event "Friday Night Engine Tour 7rd Swiss 12m+1s Starts at 2200hrs ST"]
[Site "Infinity Chess"]
[Date "2018.4.6"]
[Round "4"]
[White "fati64"]
[Black "Deep_Impact"]
[Result "1/2-1/2"]
[ECO "C42"]
[WhiteElo "2433"]
[BlackElo "2468"]
[WhiteEngine "BrainFish_180404_x64"]
[BlackEngine "BrainFish_180404_x64_modern"]
[EventType "Swiss"]
[WhiteTeam ""]
[BlackTeam ""]
[PlyCount "81"]
[TimeControl "720+1"]

1. e4 e5 2. Nf3 Nf6 3. Nxe5 d6 4. Nf3 Nxe4 5. d4 d5 6. Bd3 Nc6 7. O-O Be7 
8. Nbd2 Bf5 9. Re1 Nxd2 10. Qxd2 Bxd3 11. Qxd3 O-O 12. c3 h6 13. Bf4 Bd6 
14. Bxd6 Qxd6 15. Re3 Rfe8 16. Rae1 Rxe3 17. Rxe3 a5 18. h4 Qd7 19. h5 b6 
20. Nh4 Re8 21. Qf5 Re6 22. Ng6 Qd6 23. Rxe6 Qxe6 24. Qxe6 fxe6 25. a4 Kf7 
26. Kf1 Kf6 27. Ke2 e5 28. dxe5+ Nxe5 29. Nxe5 Kxe5 30. Ke3 c5 31. f4+ Kf6 
32. g4 Ke6 33. Kd2 Kf7 34. Ke3 Ke6 35. b3 Kf7 36. Kf3 Ke6 37. Ke2 Kf6 
38. Kf2 Ke6 39. Ke3 Kf7 40. Kf3 Ke6 41. Ke3 1/2-1/2

[Event "Friday Night Engine Tour 7rd Swiss 12m+1s Starts at 2200hrs ST"]
[Site "Infinity Chess"]
[Date "2018.4.6"]
[Round "4"]
[White "KRAKEN"]
[Black "RonWeasley"]
[Result "1/2-1/2"]
[ECO "A05"]
[WhiteElo "2482"]
[BlackElo "2473"]
[WhiteEngine "Raubfisch X38_CTG"]
[BlackEngine "BrainFish 010418 WM_CTG"]
[EventType "Swiss"]
[WhiteTeam ""]
[BlackTeam ""]
[PlyCount "147"]
[TimeControl "720+1"]

1. Nf3 Nf6 2. g3 d5 3. Bg2 e6 4. O-O Be7 5. d4 O-O 6. c4 dxc4 7. Ne5 Nc6 
8. Bxc6 bxc6 9. Nxc6 Qe8 10. Nxe7+ Qxe7 11. Qa4 e5 12. dxe5 Qxe5 13. Nc3 Ne4 
14. Qxc4 Nxc3 15. bxc3 Be6 16. Qd3 Rad8 17. Bf4 Qc5 18. Qe3 Qc4 19. Rfe1 a6 
20. Be5 Rd7 21. Qf4 Re7 22. Rab1 Qxf4 23. Bxf4 Bxa2 24. Rb4 Ra8 25. Ra4 Bb3 
26. Ra5 f6 27. f3 Re6 28. Bxc7 Rc8 29. Bf4 Rxc3 30. Ra3 Rb6 31. g4 Rcc6 
32. h4 Be6 33. Rd1 Rc2 34. Rd8+ Kf7 35. Kf2 Bc4 36. Rd7+ Kg8 37. Rd8+ Kf7 
38. Rd7+ Kg8 39. Re3 Re6 40. Rxe6 Bxe6 41. Rd6 Kf7 42. Bd2 Ra2 43. Ke3 a5 
44. Ra6 a4 45. Ra7+ Kg8 46. Ra8+ Kf7 47. Ra7+ Kg8 48. Bc3 Bb3 49. g5 Bd1 
50. gxf6 gxf6 51. Bxf6 Rxe2+ 52. Kf4 Re6 53. Bb2 Re2 54. Bd4 Rd2 55. Bc5 Rd3 
56. Be3 Rc3 57. h5 a3 58. h6 Rc4+ 59. Ke5 Ra4 60. Rg7+ Kf8 61. Bc5+ Ke8 
62. Re7+ Kd8 63. Bxa3 Rxa3 64. Rxh7 Bc2 65. Rh8+ Kd7 66. f4 Ke7 67. f5 Re3+ 
68. Kd4 Rh3 69. Ke5 Rh4 70. h7 Re4+ 71. Kd5 Rh4 72. Rc8 Bxf5 73. h8=Q Rxh8 
74. Rxh8 1/2-1/2

[Event "Friday Night Engine Tour 7rd Swiss 12m+1s Starts at 2200hrs ST"]
[Site "Infinity Chess"]
[Date "2018.4.6"]
[Round "4"]
[White "MGR"]
[Black "MCDermont"]
[Result "1/2-1/2"]
[ECO "C11"]
[WhiteElo "2475"]
[BlackElo "2490"]
[WhiteEngine "asmFishW_2018-04-02_bmi2"]
[BlackEngine "BrainFish 010418 WM_CTG"]
[EventType "Swiss"]
[WhiteTeam ""]
[BlackTeam ""]
[PlyCount "145"]
[TimeControl "720+1"]

1. e4 e6 2. d4 d5 3. Nc3 Nf6 4. e5 Nfd7 5. f4 c5 6. Nf3 Nc6 7. Be3 cxd4 
8. Nxd4 Qb6 9. Qd2 Qxb2 10. Rb1 Qa3 11. Bb5 Nxd4 12. Bxd4 a6 13. Bxd7+ Bxd7 
14. Rb3 Qe7 15. Rxb7 Rc8 16. O-O Qd8 17. f5 exf5 18. Qd3 Bc5 19. Bxc5 Rxc5 
20. Nxd5 Bc8 21. Re7+ Kf8 22. Qa3 Qa5 23. Qxa5 Rxa5 24. Rc7 Be6 25. Nf4 Rxe5 
26. Nxe6+ Rxe6 27. Rxf5 Re7 28. Rc8+ Re8 29. Rc7 Re7 30. Rc8+ Re8 31. Rfc5 Ke7 
32. R8c6 g6 33. a4 Ra8 34. Rc7+ Kf6 35. Rc4 Rhf8 36. h4 Kg7 37. Kh2 a5 
38. Kh3 h5 39. g3 Rad8 40. Rf4 Rb8 41. Rfc4 Rbd8 42. Ra7 Rc8 43. Rcc7 Rxc7 
44. Rxc7 Re8 45. Rc5 Re2 46. Rxa5 Rxc2 47. Rb5 Ra2 48. a5 Ra1 49. Kg2 Ra4 
50. Kf3 Ra3+ 51. Kf4 Kf6 52. Rb6+ Ke7 53. Rb5 Kf8 54. Rc5 Ke7 55. Rb5 Ra4+ 
56. Ke3 Ra1 57. Rb7+ Kd6 58. Rxf7 Ke5 59. a6 Rxa6 60. Kf2 Ra2+ 61. Kg1 g5 
62. hxg5 Ra1+ 63. Kf2 Ra3 64. g4 h4 65. g6 Ra2+ 66. Ke1 Ra6 67. g7 Rg6 
68. g8=Q Rxg8 69. Rf5+ Kd4 70. g5 h3 71. Rf4+ Kc5 72. Rh4 Rxg5 73. Rxh3 1/2-1/2

[Event "Friday Night Engine Tour 7rd Swiss 12m+1s Starts at 2200hrs ST"]
[Site "Infinity Chess"]
[Date "2018.4.6"]
[Round "4"]
[White "THE_MACHINE"]
[Black "Dovahkiin"]
[Result "1-0"]
[ECO "C50"]
[WhiteElo "2506"]
[BlackElo "2356"]
[WhiteEngine "BrainFish_180404_x64_bmi2"]
[BlackEngine "corchess_x64_modern_CTG"]
[EventType "Swiss"]
[WhiteTeam ""]
[BlackTeam ""]
[PlyCount "217"]
[TimeControl "720+1"]

1. e4 e5 2. Nf3 Nc6 3. Bc4 Bc5 4. O-O Nf6 5. d3 d6 6. c3 a5 7. Nbd2 O-O 
8. Re1 h6 9. Nf1 a4 10. h3 Ra5 11. Ng3 Be6 12. Bxe6 fxe6 13. Qc2 Nh7 14. Qe2 Qe8 
15. Be3 Bxe3 16. Qxe3 Qe7 17. Nf1 Nf6 18. N1d2 Nd7 19. Qe2 Qe8 20. Nf1 Ra6 
21. Reb1 b5 22. Rd1 Ne7 23. d4 exd4 24. cxd4 c6 25. Ng3 Ng6 26. Nh5 Ra7 
27. Rac1 Qf7 28. e5 d5 29. Rc3 Rc7 30. Ne1 c5 31. Rf3 Qe7 32. Rg3 Kh7 
33. Qc2 Qe8 34. Rg4 Rc8 35. Nf4 Rxf4 36. Rxf4 cxd4 37. Qb1 Ndxe5 38. Rfxd4 Kg8 
39. Rc1 Rc4 40. Rd2 Nf4 41. b3 Rb4 42. f3 Nc4 43. Rf2 Qf8 44. Nc2 Qc5 
45. Nxb4 Ne2+ 46. Kh2 Qxf2 47. bxc4 Nxc1 48. Qxc1 Qc5 49. Qe1 Qd6+ 50. Kg1 bxc4 
51. Nc2 Qb6+ 52. Kf1 Kf7 53. Qc1 g5 54. f4 c3 55. fxg5 hxg5 56. Qd1 Qb5+ 
57. Kf2 Qb2 58. a3 Ke7 59. Kf3 e5 60. Kg4 Kd6 61. Qd3 Kc5 62. Kf5 Qb3 
63. Kxg5 e4 64. Qe3+ Kc4 65. Qe2+ Kc5 66. Qe3+ Kc4 67. Qe2+ Kc5 68. Qf2+ Kc4 
69. Qf1+ Kc5 70. Qg1+ Kc4 71. Qd1 Qb7 72. Ne3+ Kc5 73. Nf5 Qc6 74. h4 Kb6 
75. Nd4 Qc4 76. h5 Ka5 77. Nc2 Qd3 78. Qb1 Qd2+ 79. Kf5 e3 80. Qb4+ Ka6 
81. Nd4 Qd3+ 82. Ke5 Qe4+ 83. Kd6 Qf4+ 84. Kxd5 Qf7+ 85. Ke4 Qe8+ 86. Kd3 e2 
87. Nxe2 Qxh5 88. Qxa4+ Kb6 89. Nxc3 Qf5+ 90. Qe4 Qf1+ 91. Kd4 Qg1+ 92. Ke5 Qh2+ 
93. Kd5 Ka7 94. Qa4+ Kb8 95. Qe8+ Kc7 96. Qc6+ Kd8 97. Qd6+ Qxd6+ 98. Kxd6 Ke8 
99. a4 Kf8 100. Ne4 Ke8 101. g4 Kd8 102. a5 Ke8 103. Nc5 Kf7 104. Ne6 Kg6 
105. a6 Kh7 106. a7 Kg6 107. a8=Q Kh7 108. Qa7+ Kg6 109. Qg7# 1-0

[Event "Friday Night Engine Tour 7rd Swiss 12m+1s Starts at 2200hrs ST"]
[Site "Infinity Chess"]
[Date "2018.4.6"]
[Round "4"]
[White "Murx"]
[Black "Vimtiroba"]
[Result "1-0"]
[ECO "C50"]
[WhiteElo "2504"]
[BlackElo "2372"]
[WhiteEngine "asmFishW_2018-04-01_bmi2"]
[BlackEngine "SF9 ''M26''_CTG"]
[EventType "Swiss"]
[WhiteTeam ""]
[BlackTeam ""]
[PlyCount "89"]
[TimeControl "720+1"]

1. e4 e5 2. Nf3 Nc6 3. Bc4 Bc5 4. O-O d6 5. c3 Nf6 6. d3 a6 7. a4 O-O 8. Bg5 h6 
9. Bh4 Na5 10. Ba2 Ba7 11. b4 Nc6 12. Na3 Be6 13. Nc4 Qe7 14. Re1 g5 15. Bg3 b5 
16. Na3 Bb6 17. Bxe6 fxe6 18. axb5 axb5 19. Nxb5 Rxa1 20. Qxa1 Nh5 21. Rf1 Qf7 
22. Qa2 g4 23. Nh4 Nf4 24. d4 h5 25. Bxf4 exf4 26. g3 e5 27. d5 Kh7 28. Qe2 Nd8 
29. c4 Qd7 30. Qc2 Rf6 31. Nc3 fxg3 32. hxg3 Nf7 33. Kg2 Ng5 34. Nf5 Nf3 
35. Rh1 Kg6 36. Nb5 Rf7 37. Qb1 Ng5 38. Rc1 Kh7 39. Qd3 Nxe4 40. Qxe4 Qxf5 
41. Qxf5+ Rxf5 42. c5 dxc5 43. bxc5 Ba5 44. Ra1 Bb4 45. c6 1-0

[Event "Friday Night Engine Tour 7rd Swiss 12m+1s Starts at 2200hrs ST"]
[Site "Infinity Chess"]
[Date "2018.4.6"]
[Round "4"]
[White "star99"]
[Black "beka"]
[Result "1/2-1/2"]
[ECO "A46"]
[WhiteElo "2455"]
[BlackElo "2375"]
[WhiteEngine "Cryptic Heroes 9.3B"]
[BlackEngine "stockfish_18032408_32bit"]
[EventType "Swiss"]
[WhiteTeam ""]
[BlackTeam ""]
[PlyCount "248"]
[TimeControl "720+1"]

1. d4 Nf6 2. Nf3 d5 3. c4 e6 4. e3 b6 5. b3 Bb7 6. Bb2 Nbd7 7. Nbd2 Bd6 
8. Bd3 Ne4 9. O-O O-O 10. Rc1 Qe7 11. b4 Nxd2 12. Nxd2 dxc4 13. Nxc4 Bxb4 
14. a3 Bd6 15. Nxd6 cxd6 16. Rc7 Rab8 17. Qg4 Rfc8 18. Rfc1 Rxc7 19. Rxc7 Qd8 
20. d5 g6 21. dxe6 Ne5 22. Bxe5 Qxc7 23. exf7+ Qxf7 24. Bc3 Rf8 25. f3 Qe7 
26. Qc4+ Rf7 27. Qd4 Qe5 28. Bc4 Qxd4 29. Bxf7+ Kxf7 30. Bxd4 Ke6 31. Kf2 Ba6 
32. e4 Bc4 33. Ke3 Bf1 34. Kf2 Bc4 35. Bc3 h5 36. Ke3 Bf1 37. g3 Bb5 38. Kf4 Be2 
39. Bd4 Bd1 40. Bc3 Be2 41. Ke3 Bd1 42. Bd4 Ke7 43. Bb2 d5 44. e5 Kf7 
45. Ba1 Ke6 46. Kf4 Ke7 47. Bc3 Kf7 48. Ke3 Ke6 49. Kf2 Kf5 50. Ba1 Ke6 
51. Ke3 Kf7 52. Bb2 Ke6 53. Kf2 Kf5 54. Bd4 Ke6 55. Ke3 Kf7 56. Ba1 Ke6 
57. Kf2 Kf5 58. Bd4 Ke6 59. Bc3 Kd7 60. Ba1 Ke6 61. Bb2 Kd7 62. Ke3 Ke7 
63. Bc1 Kf7 64. Kf4 Ke6 65. Bb2 Kf7 66. Bc3 Ke7 67. Bb4+ Ke6 68. Bc3 Ke7 
69. Bd4 Ke6 70. h3 Be2 71. g4 Bf1 72. Kg3 Be2 73. Bc3 Bd1 74. Bd4 Be2 
75. Kg2 Bd3 76. Kf2 Bb5 77. f4 hxg4 78. hxg4 Ba4 79. Kf3 Bd1+ 80. Kg3 Be2 
81. Bb2 Bd1 82. Kh4 Ba4 83. Kg5 Bc2 84. Bc3 Be4 85. Bb4 Bd3 86. Bd2 Bc2 
87. Be3 Bd3 88. Bd4 Bc2 89. Bb2 Bd3 90. Kh6 Be4 91. Bd4 Bb1 92. Bf2 Bd3 
93. Kg7 Bc2 94. Be3 Be4 95. Kh6 Bd3 96. Bg1 Kf7 97. Kg5 Ke6 98. Bd4 Bb1 
99. Bc3 Be4 100. Be1 Bd3 101. Bf2 Be4 102. Bg3 Bc2 103. Bh2 Bb1 104. Bg3 Be4 
105. Bf2 Bb1 106. Bd4 Bd3 107. a4 Be4 108. Bc3 a6 109. Be1 Bc2 110. Bf2 b5 
111. axb5 axb5 112. Bc5 Be4 113. Bd4 b4 114. Bb6 Bd3 115. Bd4 b3 116. Bb2 Bc2 
117. Bc3 Be4 118. Bd4 Bd3 119. Kh4 Bc2 120. Kg5 Bb1 121. Bc3 Bc2 122. Kh4 Kf7 
123. Kg5 Ke6 124. Bd4 Bd3 1/2-1/2

[Event "Friday Night Engine Tour 7rd Swiss 12m+1s Starts at 2200hrs ST"]
[Site "Infinity Chess"]
[Date "2018.4.6"]
[Round "3"]
[White "Victorious"]
[Black "OlivierEvan"]
[Result "1/2-1/2"]
[ECO "B06"]
[WhiteElo "2467"]
[BlackElo "2444"]
[WhiteEngine "CF180327N73vk"]
[BlackEngine "Houdini 6"]
[EventType "Swiss"]
[WhiteTeam ""]
[BlackTeam ""]
[PlyCount "120"]
[TimeControl "720+1"]

1. e4 g6 2. d4 Bg7 3. Nc3 d6 4. Be3 a6 5. h4 Nf6 6. f3 c6 7. a4 h5 8. Nge2 Nbd7 
9. Qd2 O-O 10. Nf4 e5 11. dxe5 Nxe5 12. O-O-O Ne8 13. Be2 b5 14. Bd4 b4 
15. Na2 a5 16. Kb1 Qe7 17. Nc1 Bb7 18. Bxe5 Qxe5 19. Ncd3 Qf6 20. g4 c5 
21. gxh5 c4 22. hxg6 cxd3 23. Nxd3 fxg6 24. h5 Rf7 25. hxg6 Rc7 26. Rh5 Bc8 
27. Qe3 Be6 28. f4 Rac8 29. Rd2 Qd4 30. Qxd4 Bxd4 31. Bf3 Kg7 32. Rh4 Bc4 
33. Bg4 Rb8 34. Nc1 Be3 35. Rh7+ Kg8 36. Rxc7 Nxc7 37. Rxd6 Bxf4 38. Rc6 Bf1 
39. Bf5 Ne8 40. Rc5 Ra8 41. Nb3 Kg7 42. Rxa5 Rxa5 43. Nxa5 Nd6 44. Nc6 Nxf5 
45. exf5 Bd6 46. Nd4 Kf6 47. a5 Bc7 48. g7 Kf7 49. f6 Be5 50. Nc6 Bxf6 
51. Nxb4 Be2 52. g8=Q+ Kxg8 53. a6 Kf7 54. c3 Bf3 55. Kc2 Be4+ 56. Kb3 Ke6 
57. c4 Be5 58. c5 Kd7 59. c6+ Bxc6 60. Nxc6 Kxc6 1/2-1/2

[Event "Friday Night Engine Tour 7rd Swiss 12m+1s Starts at 2200hrs ST"]
[Site "Infinity Chess"]
[Date "2018.4.6"]
[Round "3"]
[White "ocirema"]
[Black "Coco69"]
[Result "1/2-1/2"]
[ECO "C50"]
[WhiteElo "2416"]
[BlackElo "2426"]
[WhiteEngine "asmFishW_2018-04-01_popcnt"]
[BlackEngine "Raubfisch X38_CTG"]
[EventType "Swiss"]
[WhiteTeam ""]
[BlackTeam ""]
[PlyCount "38"]
[TimeControl "720+1"]

1. e4 e5 2. Nf3 Nc6 3. Bc4 Bc5 4. O-O Nf6 5. d3 d6 6. c3 a5 7. Re1 O-O 8. h3 h6 
9. Nbd2 Be6 10. a4 Ba7 11. Bxe6 fxe6 12. Qb3 d5 13. Qxb7 Qe8 14. Qb3 Rb8 
15. Qc2 Qg6 16. Nh4 Qh5 17. Nhf3 Qg6 18. Nh4 Qh5 19. Nhf3 Qg6 1/2-1/2

[Event "Friday Night Engine Tour 7rd Swiss 12m+1s Starts at 2200hrs ST"]
[Site "Infinity Chess"]
[Date "2018.4.6"]
[Round "3"]
[White "Macho"]
[Black "fati64"]
[Result "1/2-1/2"]
[ECO "D31"]
[WhiteElo "2430"]
[BlackElo "2433"]
[WhiteEngine "Cfish 2018-04-06 64 POPC"]
[BlackEngine "BrainFish_180404_x64"]
[EventType "Swiss"]
[WhiteTeam ""]
[BlackTeam ""]
[PlyCount "70"]
[TimeControl "720+1"]

1. d4 d5 2. c4 e6 3. Nc3 c6 4. e4 dxe4 5. Nxe4 Bb4+ 6. Bd2 Qxd4 7. Bxb4 Qxe4+ 
8. Be2 Na6 9. Ba5 b6 10. Qd6 Bd7 11. Bc3 f6 12. Nf3 Nh6 13. Rd1 Rd8 14. Qa3 Bc8 
15. Nd2 Qf4 16. Bh5+ Nf7 17. O-O c5 18. Qa4+ Ke7 19. Rfe1 Ng5 20. Re3 Rd6 
21. h3 Qh4 22. Be2 Rhd8 23. Nf3 Nxf3+ 24. Bxf3 b5 25. Qc2 Rxd1+ 26. Bxd1 b4 
27. Bd2 Qd4 28. Qxh7 Qxd2 29. Qxg7+ Kd6 30. Ba4 Qc1+ 31. Kh2 Qxc4 32. Qg3+ Ke7 
33. Qg7+ Kd6 34. Qg3+ Ke7 35. Qg7+ Kd6 1/2-1/2

[Event "Friday Night Engine Tour 7rd Swiss 12m+1s Starts at 2200hrs ST"]
[Site "Infinity Chess"]
[Date "2018.4.6"]
[Round "3"]
[White "MrScience"]
[Black "star99"]
[Result "0-1 "]
[ECO "A50"]
[WhiteElo "2449"]
[BlackElo "2439"]
[WhiteEngine "cfish"]
[BlackEngine "Cryptic Heroes 9.3B"]
[EventType "Swiss"]
[WhiteTeam ""]
[BlackTeam ""]
[PlyCount "283"]
[TimeControl "720+1"]

1. d4 Nf6 2. c4 c6 3. Nc3 d5 4. cxd5 cxd5 5. Bf4 e6 6. Nf3 Bd6 7. Bxd6 Qxd6 
8. e3 Nc6 9. Rc1 O-O 10. Be2 Bd7 11. O-O Rfc8 12. Nb5 Qe7 13. Nc3 h6 
14. Re1 Rab8 15. Bd3 a6 16. Re2 Nb4 17. Bb1 Ne4 18. Re1 f5 19. Nd2 Nd6 
20. Nb3 Nc6 21. a3 a5 22. Qe2 b6 23. Bd3 Nd8 24. Rc2 Be8 25. Rec1 a4 26. Nd2 b5 
27. Nf3 Nc4 28. Ne5 Nb7 29. f4 Nbd6 30. Qe1 Nxe5 31. fxe5 Nc4 32. Na2 Qg5 
33. Qf2 Bh5 34. Nb4 Ra8 35. Re1 Rf8 36. g3 Rac8 37. Bf1 Qe7 38. h3 Qg5 
39. Nd3 Qe7 40. Nb4 Qf7 41. Bd3 Qg6 42. Rf1 Qg5 43. Rfc1 Qe7 44. Rf1 Qg5 
45. Re1 Bg6 46. Qf4 Bh5 47. Rf2 Ra8 48. Kh2 Rf7 49. Bf1 Kf8 50. Bd3 Kg8 
51. Kg1 Kf8 52. Kg2 Rc8 53. Kh2 Ra8 54. Rc1 Kg8 55. Re1 Kf8 56. Rc1 Kg8 
57. Rg1 Rff8 58. Kh1 Rf7 59. Re1 Rff8 60. Bf1 Rf7 61. Kg1 Qxf4 62. exf4 Kf8 
63. Bd3 g5 64. Kh2 Bg6 65. Rc1 Ke7 66. Rc3 Kd7 67. Be2 Ke7 68. h4 Rff8 
69. Nc6+ Kd7 70. Nb4 Ke7 71. h5 Bf7 72. fxg5 hxg5 73. g4 f4 74. Kg1 Rfc8 
75. Nd3 Ne3 76. Nc5 Rab8 77. Na6 Ra8 78. Nc7 Rab8 79. Na6 Ra8 80. Nc7 Rab8 
81. Rh2 Nc4 82. Na6 Ra8 83. Nc5 Rh8 84. Nd3 Rhc8 85. Rh3 Bg8 86. Nc5 Bh7 
87. b4 Rab8 88. Kf2 Rh8 89. Rc1 Rhf8 90. Rhc3 Rfc8 91. Rf1 Rh8 92. Rfc1 Rhc8 
93. Rg1 Rh8 94. Rh3 Rhf8 95. Rc1 Rh8 96. Rg1 Rhf8 97. Rc1 Rbc8 98. Nb7 Nd2 
99. Nc5 Nc4 100. Rhc3 Rb8 101. Rh1 Rfc8 102. Re1 Rf8 103. Bf3 Rh8 104. Be2 Rhc8 
105. Rg1 Rh8 106. Bf3 Rhd8 107. Rgc1 Rdc8 108. Rd1 Ne3 109. Rh1 Nc4 110. Rd1 Rf8 
111. Ra1 Rfd8 112. Re1 Nd2 113. Rec1 Nc4 114. Re1 Rdc8 115. Rf1 Rd8 
116. Rfc1 Rh8 117. Re1 Rhf8 118. Rd1 Rfd8 119. Rh1 Rdc8 120. Ra1 Rd8 
121. Be2 Rf8 122. Re1 Rfd8 123. Rf1 Rh8 124. Ra1 Rhd8 125. Na6 Rb6 126. Nc5 Rbb8 
127. Bf3 Be4 128. Bd1 Bh7 129. Bf3 Be4 130. Bd1 Bh7 131. h6 Be4 132. Be2 Rh8 
133. Bxc4 bxc4 134. Nxe4 dxe4 135. Rh1 Rbc8 136. h7 Rc7 137. b5 Kd8 
138. b6 Rcxh7 139. Rxh7 Rxh7 140. Rxc4 Rh2+ 141. Ke1 Rh1+ 142. Kf2 0-1